 Dungeon Crawl Stone Soup version 0.32-a0-893-gf85d74f360 (webtiles) character file.

Game seed: 9895717623556821704

510 porpoise the Shooter (level 6, 0/56 HPs)
             Began as a Minotaur Hunter on Apr 4, 2024.
             Slain by a lemure (4 damage)
             ... led by Pikel
             ... on level 5 of the Dungeon.
             The game lasted 00:08:47 (3764 turns).

porpoise the Shooter (Minotaur Hunter)              Turns: 3764, Time: 00:08:48

Health: 0/56       AC:  7    Str: 16    XL:     6   Next: 98%
Magic:  5/5        EV: 11    Int:  6    God:
Gold:   279        SH:  0    Dex: 15    Spells: 5/5 levels left

rFire   . . .        a - +1 shortbow
rCold   . . .        (shield currently unavailable)
rNeg    . . .        A - +2 leather armour {rPois}
rPois   +            (helmet restricted)
rElec   .            (no cloak)
rCorr   +            (no gloves)
SInv    .            n - +1 pair of boots
Will    .....        (no amulet)
Stlth   +            j - ring of flight
HPRegen 0.29/turn    t - ring of resist corrosion
MPRegen 0.09/turn

%: no passive effects
@: flying
A: horns 2, retaliatory headbutt
a: no special abilities


You were on level 5 of the Dungeon.
You visited 1 branch of the dungeon, and saw 5 of its levels.

You collected 279 gold pieces.

Inventory:

Hand Weapons
 a - a +1 shortbow (weapon)
 b - a +0 dagger of electrocution
Armour
 n - a +1 pair of boots (worn)
 A - a +2 leather armour of poison resistance (worn)
Jewellery
 j - a ring of flight (left hand)
 t - a ring of resist corrosion (right hand)
 y - the amulet of Arrival {Harm rPois rC+ rN+ RegenMP+}
   (You found it on level 4 of the Dungeon)

   [amulet of magic regeneration]

   It increases your rate of magic regeneration.
   rC+:       It protects you from cold.
   rPois:     It protects you from poison.
   rN+:       It protects you from negative energy.
   Harm:      It increases damage dealt and taken.
   RegenMP+:  It increases your rate of magic regeneration.
Wands
 c - a wand of paralysis (3)
 x - a wand of light (3)
Scrolls
 d - a scroll of poison {unknown}
 e - a scroll of summoning
 g - 2 scrolls of teleportation
 h - a scroll of blinking {unknown}
 k - a scroll of enchant weapon
 l - a scroll of noise {unknown}
 m - a scroll of immolation {unknown}
 o - a scroll of butterflies
 p - a scroll of amnesia
 u - 3 scrolls of identify
 w - a scroll of revelation {unknown}
Potions
 f - a potion of enlightenment
 i - a potion of haste
 q - 2 potions of attraction
 r - a potion of lignification
 s - 2 potions of brilliance
 v - a potion of magic


   Skills:
 + Level 5.6 Fighting
 + Level 6.4 Ranged Weapons
 + Level 4.8 Armour
 - Level 2.1 Dodging
 - Level 0.7 Stealth


You had 5 spell levels left.
You didn't know any spells.
Your spell library contained the following spells:

 Spells                   Type           Power      Damage    Failure   Level
 Magic Dart               Conj           0%         1d3       52%         1
 Blink                    Tloc           0%         N/A       65%         2
 Call Imp                 Summ           0%         N/A       65%         2
 Momentum Strike          Conj/Tloc      0%         3d8       65%         2
 Tukima's Dance           Hex            0%         N/A       87%         3
 Passage of Golubria      Tloc           0%         N/A       99%         4
 Yara's Violent Unravell  Hex/Alch       0%         3d3       100%        5


Dungeon Overview and Level Annotations

Branches:
Dungeon (5/15)             Temple (0/1) D:5

Altars:
Gozag
Kikubaaqudgha
Makhleb
Sif Muna
Trog
Wu Jian
Zin

Annotations:
D:5 Pikel


Innate Abilities, Weirdness & Mutations

You have a pair of horns on your head.
You reflexively headbutt those who attack you in melee.


Message History

You shoot an arrow. The arrow closely misses the lemure.
The arrow barely misses Pikel.
The lemure hits you.
* * * LOW HITPOINT WARNING * * *
The lemure hits you.
* * * LOW HITPOINT WARNING * * *
The lemure barely misses you. You furiously retaliate!
You headbutt the lemure!
Fire: a) +1 shortbow
Press: ? - help, Q - select action, (/) - cycle Shift-Dir - straight line, f/p - Pikel
Aim: Pikel, wielding a +0 whip of flaming, wearing a +0 robe and carrying a wand of light (59% to hit)
You shoot an arrow. The arrow hits the lemure.
The lemure is heavily wounded.
The lemure misses you. The lemure barely misses you.
The lemure closely misses you. The lemure barely misses you.
The lemure hits you.
* * * LOW HITPOINT WARNING * * *
The lemure hits you but does no damage.
Fire: a) +1 shortbow
Press: ? - help, Q - select action, (/) - cycle Shift-Dir - straight line, f/p - Pikel
Aim: Pikel, wielding a +0 whip of flaming, wearing a +0 robe and carrying a wand of light (59% to hit)
You shoot an arrow. The arrow barely misses the lemure.
The arrow closely misses Pikel.
The lemure hits you.
* * * LOW HITPOINT WARNING * * *
The lemure barely misses you. x2
Fire: a) +1 shortbow
Press: ? - help, Q - select action, (/) - cycle Shift-Dir - straight line, f/p - Pikel
Aim: Pikel, wielding a +0 whip of flaming, wearing a +0 robe and carrying a wand of light (59% to hit)
You shoot an arrow. The arrow hits the lemure.
The lemure is severely wounded.
The lemure hits you but does no damage. The lemure barely misses you.
You furiously retaliate!
You headbutt the lemure. The lemure hits you but does no damage.
Fire: a) +1 shortbow
Press: ? - help, Q - select action, (/) - cycle Shift-Dir - straight line, f/p - Pikel
Aim: Pikel, wielding a +0 whip of flaming, wearing a +0 robe and carrying a wand of light (59% to hit)
You shoot an arrow. The arrow closely misses the lemure.
The arrow closely misses Pikel.
The lemure hits you.
You die...

### #####.##
######.......
############.......##...
...........#.####..##...
...........#.# #....#...
..)...5.>..#.# #....#...
......5@....!###.<..#...
#..♣.♣5##...............
>.K ###.........####
♣.♣. #.........####
..... #............. ...
.. #............. #..
... #............. #..
... #.............
##...###.....


You could see Pikel and 3 lemures.

Vanquished Creatures
  An orc warrior (D:4)
  A phantom (D:5)
  A lemure (D:5)
  A howler monkey (D:5)
  A bombardier beetle (D:4)
  A jelly (D:5)
  2 orc priests (D:3)
  A hound (D:5)
  An orc wizard (D:4)
  2 adders
  3 dart slugs
  A ribbon worm (D:4)
  14 orcs
  7 ball pythons
  2 bats (D:3)
  8 endoplasms
  3 giant cockroaches
  7 goblins
  7 hobgoblins
  13 jackals
  4 kobolds
  A quokka (D:3)
  A frilled lizard (D:1)
  2 rats (D:1)
85 creatures vanquished.

Notes
Turn   | Place    | Note
-------+----------+-------------------------------------------
     0 | D:1      | porpoise the Minotaur Hunter began the quest for the Orb.
     0 | D:1      | Reached XP level 1. HP: 18/18 MP: 0/0
   104 | D:1      | Reached skill level 1 in Armour
   114 | D:1      | Reached XP level 2. HP: 25/25 MP: 1/1
   469 | D:1      | Reached XP level 3. HP: 29/31 MP: 2/2
   698 | D:2      | Found a glowing silver altar of Zin.
   995 | D:3      | Reached skill level 5 in Ranged Weapons
  1072 | D:3      | Reached XP level 4. HP: 39/39 MP: 3/3
  1379 | D:3      | Reached XP level 5. HP: 30/46 MP: 4/4
  1791 | D:3      | Found a burning altar of Makhleb.
  1984 | D:4      | Found an ornate altar of the Wu Jian Council.
  2550 | D:4      | Identified the +0 scale mail of the Shining Light {Int+7
                  | Dex-5}
  2590 | D:4      | Identified the amulet of Arrival {Harm rPois rC+ rN+
                  | RegenMP+}
  2716 | D:4      | Found an ancient bone altar of Kikubaaqudgha.
  2791 | D:4      | Found a shimmering blue altar of Sif Muna.
  2950 | D:4      | Got Sif Muna's Reference Book on the Traveller
  2955 | D:4      | Found a bloodstained altar of Trog.
  2955 | D:4      | Noticed an orc warrior
  2965 | D:4      | Killed an orc warrior
  2966 | D:4      | Reached skill level 5 in Fighting
  2966 | D:4      | Reached skill level 6 in Ranged Weapons
  2966 | D:4      | Reached XP level 6. HP: 13/56 MP: 5/5
  3221 | D:5      | Entered Level 5 of the Dungeon
  3231 | D:5      | Identified the +7 rapier of the Heart {flame, rPois rN+
                  | Will+ Dex+3}
  3344 | D:5      | Found an opulent altar of Gozag.
  3742 | D:5      | Found a staircase to the Ecumenical Temple.
  3744 | D:5      | Noticed Pikel
  3764 | D:5      | Slain by a lemure

Illustrated notes

Levels and vault maps discovered:
D:1:      amcnicky_arrival_gap_in_the_tavern_cellar, layout_rooms
D:2:      layout_rooms, basic_altar
D:3:      wander_river, layout_basic, bloody_makhleb
D:4:      layout_loops_ring, nzn_overflow_gifts_of_might_and_magic,
          mainiacjoe_overflow_alcove_4, pdpol_wu_jian_five_deadly_venoms,
          grunt_ministairs_5
D:5:      layout_basic, grunt_gozag_breadcrumbs, minmay_temple_entry_trees,
          kennysheep_generic_room_2, uniq_pikel

Skill      XL: |  1  2  3  4  5 |
---------------+----------------+-----
Armour         | 1 2 3 4 |  4.8
Fighting       | 3 4 5 |  5.6
Ranged Weapons | 5 6 |  6.4
Dodging        | |  2.1
Stealth        | |  0.7

Action                     |  1- 3 |  4- 6 || total
---------------------------+-------+-------++-------
  Melee: Dagger            |       |     5 ||     5
         Unarmed           |       |     2 ||     2
         Headbutt          |       |     1 ||     1
   Fire: Shortbow          |   111 |   169 ||   280
    Use: Scroll            |     5 |     6 ||    11
         Potion            |       |     1 ||     1
 Armour: Leather armour    |    50 |    35 ||    85
         Ring mail         |       |    35 ||    35
  Dodge: Dodged            |    49 |    50 ||    99

Table legend: (Time is in decaauts)
 A = Elapsed time spent in this place.
 B = Non-inter-level travel time spent in this place.
 C = Inter-level travel time spent in this place.
 D = Time resting spent in this place.
 E = Time spent auto-exploring this place.
 F = Levels seen in this place.
 G = Mean time per level.
                   A        B        C        D        E       F      G
               +--------+--------+--------+--------+--------+-----+--------+
         Total |   3822 |   3535 |    287 |    703 |   2221 |   5 |  764.4 |
       Dungeon |   3822 |   3535 |    287 |    703 |   2221 |   5 |  764.4 |
               +--------+--------+--------+--------+--------+-----+--------+

Top non-repeatable levels by time:
     D:4: 1194 daAuts
     D:3: 1072 daAuts
     D:5: 550 daAuts
     D:2: 538 daAuts
     D:1: 466 daAuts
